 Seeded DCSS version 0.27-a0-1049-g450f9b2 (webtiles) character file.

Game seed: 7323716169079990189 (custom seed)

10342 lyrin the Grappler (level 11, -15/46 (49) HPs)
             Began as a Vine Stalker Necromancer on Apr 20, 2021.
             Was a Follower of Uskayaw.
             Killed from afar by an orc sorcerer (22 damage)
             ... with a bolt of negative energy
             ... led by an orc knight
             ... on level 9 of the Dungeon.
             The game lasted 00:33:49 (13730 turns).

lyrin the Grappler (Vine Stalker Necromancer)      Turns: 13730, Time: 00:33:50

HP:   -15/46 (49)   AC: 10    Str: 15    XL:     11   Next: 60%
MP:   0/15          EV: 13    Int: 15    God:    Uskayaw [*.....]
Gold: 711           SH:  6    Dex: 20    Spells: 7/14 levels left

rFire    . . .     SeeInvis +     - Unarmed
rCold    . . .     Faith    .   p - +0 buckler
rNeg     . . .     Spirit   +   j - +0 ring mail
rPois    .         Reflect  .   P - +0 helmet {SInv}
rElec    .         Harm     .   s - +0 cloak
rCorr    .         Rampage  .   r - +0 pair of gloves
Will     +....                  M - +0 pair of boots
Stlth    ++........             (no amulet)
HPRegen  1.15/turn              I - +6 ring of dexterity
MPRegen  0.14/turn              (no ring)

@: drained
A: fangs 3, regeneration 1, magic shield, antimagic bite, no potion heal 2
a: Renounce Religion, Stomp


You were on level 9 of the Dungeon.
You worshipped Uskayaw.
Uskayaw was noncommittal.
You visited 2 branches of the dungeon, and saw 12 of its levels.
You also visited: Ossuary.

You collected 826 gold pieces.
You spent 115 gold pieces at shops.

Inventory:

Hand Weapons
 u - a +2 shortbow of freezing
 G - a +3 rapier
Missiles
 e - 49 poisoned darts (quivered)
 v - 300 arrows
 D - 3 curare-tipped darts
 O - 2 boomerangs of dispersal
 Q - 9 throwing nets
Armour
 j - a +0 ring mail (worn)
 p - a +0 buckler (worn)
 r - a +0 pair of gloves (worn)
 s - a +0 cloak (worn)
 M - a +0 pair of boots (worn)
 P - a +0 helmet of see invisible (worn)
Jewellery
 I - a +6 ring of dexterity (left hand)
Wands
 t - a wand of flame (33)
 F - a wand of iceblast (9)
 H - a wand of paralysis (4)
 N - a wand of polymorph (11)
 S - a wand of mindburst (12)
Scrolls
 a - a scroll of vulnerability {unknown}
 c - 6 scrolls of teleportation
 g - 2 scrolls of immolation
 i - 3 scrolls of holy word {unknown}
 k - a scroll of torment {unknown}
 m - 4 scrolls of enchant weapon
 o - 3 scrolls of noise
 q - a scroll of blinking {unknown}
 w - 3 scrolls of magic mapping {unknown}
 x - 3 scrolls of identify {unknown}
 y - a scroll of acquirement {unknown}
 A - a scroll of fear {unknown}
 C - 2 scrolls of amnesia {unknown}
 L - 2 scrolls of enchant armour {unknown}
Potions
 b - 3 potions of curing
 d - 5 potions of heal wounds {unknown}
 f - 3 potions of brilliance
 h - 2 potions of flight {unknown}
 l - 3 potions of haste {unknown}
 n - a potion of resistance {unknown}
 z - a potion of mutation {unknown}
 B - 2 potions of magic {unknown}
 E - 2 potions of ambrosia {unknown}
 J - a potion of lignification
 K - 2 potions of degeneration {unknown}
Miscellaneous
 R - a phial of floods (inert)


   Skills:
 + Level 1.0 Fighting
 - Level 0.3 Throwing
 + Level 2.8 Armour
 + Level 4.5 Dodging
 - Level 2.4 Stealth
 - Level 5.0 Shields
 - Level 14.0 Unarmed Combat
 - Level 2.2 Spellcasting
 - Level 4.1 Necromancy
 * Level 1.2 Transmutations
 * Level 1.1 Earth Magic
 * Level 4.9 Invocations
 - Level 0.1 Evocations


You had 7 spell levels left.
You knew the following spells:

 Your Spells              Type           Power      Damage    Failure   Level
a - Pain                  Necr           52%        1d6       8%          1
b - Statue Form           Tmut/Erth      3%         N/A       100%        6

Your spell library contained the following spells:

 Spells                   Type           Power      Damage    Failure   Level
 Animate Skeleton         Necr           26%        N/A       8%          1
 Vampiric Draining        Necr           6%         2d6       24%         3
 Animate Dead             Necr           6%         N/A       61%         4
 Agony                    Necr           13%        N/A       91%         5
 Animate Armour           Summ/Erth      6%         N/A       97%         4
 Leda's Liquefaction      Hex/Erth       1%         N/A       97%         4
 Bolt of Magma            Conj/Fire/Erth 1%         4d4       100%        5
 Iron Shot                Conj/Erth      1%         9d1       100%        6
 Shatter                  Erth           2%         3d6*      100%        9


Dungeon Overview and Level Annotations

Branches:
Dungeon (11/15)            Temple (0/1) D:6            Lair (0/6) D:9
    Orc (1/2) D:9         Ossuary (visited)

Altars:
Cheibriados
Ru
Sif Muna
Uskayaw
Vehumet
Wu Jian
The Shining One
Lugonu

Shops:
D:6 ?   D:9 [(

Portals:
Ice
Cave: D:11

Annotations:
D:3 1 runed translucent door, Duskembrace's ghost, amateur KoEn
D:8 exclusion: statue
D:9 2 transporters
D:10 1 runed translucent door, exclusion: 3 downstairs
D:11 Snorg


Innate Abilities, Weirdness & Mutations

You have razor-sharp teeth.
Your natural rate of healing is unusually fast.
When hurt, damage is shared between your health and your magic reserves.
Your bite disrupts and absorbs the magic of your enemies.
Potions cannot restore your health.


Message History

The orc sorcerer gestures at you while chanting.
You easily resist.
The orc priest begins to cast a cantrip, but forgets the words!
You block the orc wizard's attack.
The orc priest mumbles some strange prayers to Beogh against you.
You resist with some effort.
The orc sorcerer hits you but does no damage.
You are poisoned.
You climb upwards.
Welcome back to the Dungeon!
Level annotation: 2 transporters You feel very sick.
There is a staircase to the Orcish Mines, spattered with blood here.
Things that are here:
a +0 mace; an orc skeleton You feel sick.
You feel sick. The orc sorcerer casts a spell at you.
The bolt of fire hits you!!
You feel sick.
You feel sick.
You feel sick.
You feel sick.
You are no longer poisoned.
You hit the orc wizard.
The orc wizard is moderately wounded.
The orc wizard barely misses you.
You punch the orc wizard! You bite the orc wizard.
You kill the orc wizard!
You hit the orc sorcerer.
The orc sorcerer is lightly wounded.
The orc sorcerer gestures at you while chanting.
The bolt of fire hits you!!
* * * LOW HITPOINT WARNING * * *
You punch the orc sorcerer! You bite the orc sorcerer.
The orc sorcerer's magic leaks into the air.
You drain its magic.
You feel invigorated.
The orc sorcerer is moderately wounded.
The orc sorcerer points at you and mumbles some strange words.
The bolt of negative energy hits you!!
You feel drained.
You die...

.......................## ...###.
........................###......
..........∩...............##.....
#####.#..$.)..#####)########.._..
#.#...>)..# #)# ##.....
#.#.......# #.# ##...uux
#.#.......# #.# ###..u###x
#####.#.......#####.####...x##©##
...))..........o@......#.©###...#
#####..........###.######=.##...#
#.#####.#### #.# ### #..... #.#
#[# #.# #.# ###.#. #.# #.# #.#
#.# #...
#####.#####.######.#####.#######.
.................................
.#########.........#######.######
.# #.........# #.#


You could see an orc sorcerer.

Vanquished Creatures
  A boulder beetle (D:10)
  Pikel (D:7)
  An orc knight (D:9)
  A manticore (D:10)
  A cyclops (D:11)
  Maurice (D:9)
  A komodo dragon (D:8)
  Sigmund (D:2)
  A shadow (D:9)
  A wyvern (D:10)
  3 yaks (D:9)
  3 steam dragons
  2 wargs (D:9)
  2 acid dragons
  A water moccasin (D:3)
  5 orc warriors
  A sky beast (D:8)
  7 centaurs
  A necrophage (D:8)
  8 ogres
  A wolf (D:10)
  5 kobold brigands
  6 gnoll sergeants
  4 bullfrogs
  A scorpion (D:2)
  A wyvern zombie (D:7)
  13 wights
  4 killer bees (D:8)
  5 howler monkeys
  3 electric eels (D:8)
  8 centaur zombies
  2 gnoll shamans (D:10)
  9 hounds
  A jelly (D:6)
  2 bullfrog skeletons
  6 orc priests
  2 iguanas
  7 orc wizards
  A hound skeleton (D:4)
  A howler monkey zombie (D:9)
  7 mummies
  32 gnolls
  3 ufetubi
  2 adder skeletons (D:4)
  A worm (D:5)
  3 dart slugs
  32 orcs
  4 ball pythons
  3 bats
  9 endoplasms
  3 giant cockroaches
  4 goblins
  8 hobgoblins
  5 jackals
  27 kobolds
  3 quokkas
  3 frilled lizards
  3 hobgoblin zombies (Ossuary)
  A quokka skeleton (D:4)
  4 rats
282 creatures vanquished.

Vanquished Creatures (others)
  A kobold (D:9)
  4 plants (D:9)
5 creatures vanquished.

Grand Total: 287 creatures vanquished

Notes
Turn   | Place    | Note
-------+----------+-------------------------------------------
     0 | D:1      | lyrin the Vine Stalker Necromancer began the quest for the
                  | Orb.
     0 | D:1      | Reached XP level 1. HP: 9/9 MP: 4/4
   563 | D:1      | Reached XP level 2. HP: 13/13 MP: 6/6
   609 | D:1      | Reached skill level 1 in Unarmed Combat
  1604 | D:1      | Reached XP level 3. HP: 16/16 MP: 7/7
  1827 | D:2      | Reached skill level 2 in Unarmed Combat
  1831 | D:2      | Noticed a scorpion
  1836 | D:2      | Killed a scorpion
  1837 | D:2      | Reached skill level 3 in Unarmed Combat
  1837 | D:2      | Gained mutation: Your natural rate of healing is unusually
                  | fast. [Vine Stalker growth]
  1837 | D:2      | Reached XP level 4. HP: 17/21 MP: 8/8
  2004 | D:2      | Noticed Sigmund
  2732 | D:3      | Reached XP level 5. HP: 24/24 MP: 9/9
  3069 | D:3      | Noticed Duskembrace's ghost (amateur KoEn)
  3071 | D:3      | Found a runed translucent door.
  3108 | D:3      | Found a snail-covered altar of Cheibriados.
  3108 | D:3      | Found a hide-covered altar of Uskayaw.
  3112 | D:3      | Became a worshipper of Uskayaw the Reveller
  3203 | D:3      | Noticed a water moccasin
  3273 | D:3      | Reached * piety under Uskayaw
  3385 | D:3      | Found a glowing golden altar of the Shining One.
  3900 | D:4      | Noticed an ogre
  3946 | D:4      | Reached ** piety under Uskayaw
  3955 | D:4      | Killed an ogre
  3956 | D:4      | Reached skill level 1 in Armour
  3956 | D:4      | Reached skill level 4 in Unarmed Combat
  3956 | D:4      | Reached XP level 6. HP: 28/28 MP: 10/10
  4235 | D:4      | Found a sand-covered staircase.
  4244 | Ossuary  | Entered an ossuary
  4260 | Ossuary  | Reached *** piety under Uskayaw
  4333 | Ossuary  | Reached skill level 1 in Shields
  4379 | Ossuary  | Reached skill level 5 in Unarmed Combat
  4424 | Ossuary  | Reached XP level 7. HP: 16/32 MP: 4/11
  5044 | D:4      | Reached skill level 6 in Unarmed Combat
  5384 | D:2      | Killed Sigmund
  5385 | D:2      | Gained mutation: You have razor-sharp teeth. [Vine Stalker
                  | growth]
  5385 | D:2      | Reached XP level 8. HP: 29/36 MP: 7/12
  5534 | D:3      | Reached skill level 7 in Unarmed Combat
  5597 | D:5      | Entered Level 5 of the Dungeon
  6037 | D:5      | Reached skill level 8 in Unarmed Combat
  6390 | D:6      | Found Houst's Magic Scroll Shop.
  6652 | D:6      | Reached skill level 1 in Invocations
  6775 | D:6      | Reached skill level 9 in Unarmed Combat
  6775 | D:6      | Reached XP level 9. HP: 39/39 MP: 11/13
  6957 | D:6      | Found a staircase to the Ecumenical Temple.
  8069 | D:7      | Reached **** piety under Uskayaw
  8152 | D:7      | Reached skill level 10 in Unarmed Combat
  8363 | D:7      | Found a shimmering blue altar of Sif Muna.
  8994 | D:8      | Noticed Pikel
  9017 | D:7      | Killed Pikel
  9018 | D:7      | Reached skill level 11 in Unarmed Combat
  9018 | D:7      | Reached XP level 10. HP: 25/44 MP: 9/14
  9129 | D:8      | Found an ornate altar of the Wu Jian Council.
  9206 | D:8      | Reached ***** piety under Uskayaw
  9735 | D:8      | Found a sacrificial altar of Ru.
  9875 | D:8      | Found a radiant altar of Vehumet.
  9931 | D:9      | Found a staircase to the Lair.
 10208 | D:9      | Found Yfreblok's Weapon Boutique.
 10241 | D:9      | Found a staircase to the Orcish Mines.
 10265 | D:9      | Noticed Maurice
 10267 | D:9      | Reached skill level 12 in Unarmed Combat
 10275 | D:9      | Killed Maurice
 10316 | D:9      | Found a transporter.
 10518 | D:9      | Found Kecyisoi's Armour Shoppe.
 10710 | D:9      | Bought a +0 helmet of see invisible for 115 gold pieces
 10776 | D:9      | Reached skill level 5 in Shields
 10892 | D:9      | Found a transporter.
 10892 | D:9      | Noticed a brown ugly thing
 10893 | D:9      | Noticed a white ugly thing
 10894 | D:9      | Found a corrupted altar of Lugonu.
 10894 | D:9      | Noticed a green ugly thing
 11389 | D:10     | Entered Level 10 of the Dungeon
 11559 | D:10     | Reached skill level 13 in Unarmed Combat
 11605 | D:9      | Reached XP level 11. HP: 44/47 MP: 13/15
 11991 | D:10     | Noticed a manticore
 11994 | D:10     | Killed a manticore
 12151 | D:10     | Found a runed translucent door.
 12151 | D:10     | Noticed a boulder beetle
 12164 | D:10     | Killed a boulder beetle
 12176 | D:10     | Noticed a fire giant
 12179 | D:10     | Noticed a red ugly thing
 12258 | D:10     | Learned a level 6 spell: Statue Form
 12576 | D:11     | Noticed Snorg
 12577 | D:11     | Found a frozen archway.
 12648 | D:11     | Noticed a cyclops
 12654 | D:11     | Killed a cyclops
 12661 | D:11     | Noticed a five-headed hydra
 12752 | Orc:1    | Entered Level 1 of the Orcish Mines
 12829 | Orc:1    | Noticed an orc knight
 12954 | Orc:1    | Noticed an orc sorcerer
 13024 | D:9      | Killed an orc knight
 13025 | D:9      | Reached skill level 14 in Unarmed Combat
 13175 | D:9      | Reached skill level 1 in Transmutations
 13186 | Orc:1    | Noticed a soul eater
 13308 | D:9      | Reached skill level 1 in Earth Magic
 13435 | D:9      | Reached skill level 1 in Fighting
 13730 | D:9      | Killed from afar by an orc sorcerer

Illustrated notes

Levels and vault maps discovered:
D:1:      shiori_arrival_oz, layout_loops_ring, hex_tiny
D:2:      layout_loops_corners, uniq_sigmund
D:3:      layout_basic, lemuel_tele_altar, gammafunk_temple_overflow_elements,
          hellmonk_ghost_happy_afterlife
D:4:      layout_basic, serial_glass, glass_columns_a, glass_columns_a,
          gup_ossuary_entry_pyramid
D:5:      layout_basic, chequers_serial_rivers_micro_c
D:6:      layout_layer_cave, minmay_temple_entry_overgrown, serial_shops, shop
D:7:      layout_basic, kennysheep_little_box, nrook_uturn,
          kennysheep_generic_room_13
D:8:      layout_basic, amcnicky_altar_gilded, vehumet_statue,
          nicolae_overflow_hidden_temple, uniq_pikel
D:9:      gammafunk_corrupted_shrine, layout_small_grid, david_lair_shrubbed,
          orc_david_3, nicolae_sextant, minmay_shop_grid_forest, uniq_maurice
D:10:     layout_big_octagon, serial_gnoll_camp, gnoll_camp_huts_basic,
          gnoll_camp_mini_house, gnoll_camp_mini_loothouse,
          gnoll_camp_mini_sergeant, gnoll_camp_medium_01, minivault_13
D:11:     layout_grid_maze, enter_trove_0, portal_ice_cave_rime, uniq_urug,
          uniq_snorg
Orc:1:    layout_diamond_mine, uniq_erica

Skill      XL: |  1  2  3  4  5  6  7  8  9 10 11 |
---------------+----------------------------------+-----
Unarmed Combat | 1 3 4 5 6 9 11 13 14 | 14.0
Dodging        | 2 3 4 |  4.5
Armour         | 1 2 |  2.8
Shields        | 1 2 3 4 5 |  5.0
Invocations    | 1 2 4 |  4.9
Transmutations | 1 |  1.2
Earth Magic    | 1 |  1.1
Fighting       | 1 |  1.0
Throwing       | |  0.3
Stealth        | |  2.4
Spellcasting   | |  2.2
Necromancy     | |  4.1
Evocations     | |  0.1

Action                   |  1- 3 |  4- 6 |  7- 9 | 10-12 || total
-------------------------+-------+-------+-------+-------++-------
Melee: Unarmed           |   118 |   158 |   365 |   477 ||  1118
       Bite              |    24 |    52 |   110 |   161 ||   347
       Punch             |       |     1 |       |       ||     1
Throw: Dart              |     4 |    14 |     4 |     9 ||    31
 Cast: Pain              |     1 |       |       |       ||     1
Invok: Stomp             |       |       |     1 |       ||     1
Evoke: Wand              |       |       |       |     8 ||     8
       Phial of floods   |       |       |       |     1 ||     1
  Use: Scroll            |       |     3 |     1 |       ||     4
       Potion            |       |     3 |       |       ||     3
 Stab: Sleeping          |     5 |     1 |     2 |     1 ||     9
       Invisible         |       |     2 |       |       ||     2
       Paralysed         |       |     1 |    10 |    31 ||    42
Armor: Robe              |    23 |       |       |       ||    23
       Leather armour    |     1 |       |       |       ||     1
       Ring mail         |       |    77 |   110 |   104 ||   291
       Skin              |       |     7 |       |       ||     7
Dodge: Dodged            |    74 |    99 |   162 |   249 ||   584
Block: Buckler           |       |    28 |    74 |   117 ||   219

Table legend: (Time is in decaauts)
 A = Elapsed time spent in this place.
 B = Non-inter-level travel time spent in this place.
 C = Inter-level travel time spent in this place.
 D = Time resting spent in this place.
 E = Time spent auto-exploring this place.
 F = Levels seen in this place.
 G = Mean time per level.
                   A        B        C        D        E       F      G
               +--------+--------+--------+--------+--------+-----+--------+
         Total |  13604 |  12651 |    953 |   2413 |   6454 |  13 | 1046.5 |
       Dungeon |  13290 |  12337 |    953 |   2336 |   6385 |  11 | 1208.2 |
  Orcish Mines |     29 |     29 |      0 |      0 |      0 |   1 |   29.0 |
       Ossuary |    284 |    284 |      0 |     77 |     69 |   1 |  284.0 |
               +--------+--------+--------+--------+--------+-----+--------+

Top non-repeatable levels by time:
     D:9: 2212 daAuts
     D:1: 1739 daAuts
     D:3: 1511 daAuts
     D:6: 1482 daAuts
    D:10: 1219 daAuts
     D:8: 1173 daAuts
     D:2: 1069 daAuts
     D:4: 982 daAuts
     D:5: 953 daAuts
     D:7: 909 daAuts
 Ossuary: 284 daAuts
    D:11: 36 daAuts
   Orc:1: 29 daAuts
